 Dungeon Sprint DCSS version 0.30.1-11-g7821555f0a (webtiles) character file.

Game seed: 17913810869728423301

33 Groucho the Trooper (level 3, -1/30 HPs)
             Began as a Demonspawn Fighter on Dec 31, 2023.
             Slain by a gnoll
             ... wielding a +0 spear
              (5 damage)
             ... in the Dungeon (Sprint IX: "|||||||||||||||||||||||||||||").
             The game lasted 00:00:31 (142 turns).

Groucho the Trooper (Demonspawn Fighter)             Turns: 142, Time: 00:00:31

Health: -1/30      AC:  6    Str: 18    XL:     3   Next: 12%
Magic:  2/5        EV:  9    Int:  9    God:
Gold:   0          SH:  4    Dex: 12    Spells: 2/2 levels left

rFire   . . .        a - +0 war axe
rCold   . . .        c - +0 buckler
rNeg    . . .        b - +0 scale mail
rPois   .            (no helmet)
rElec   .            (no cloak)
rCorr   .            (no gloves)
SInv    .            (no boots)
Will    .....        (no amulet) Stlth
                     (no ring)
HPRegen 0.25/turn    (no ring)
MPRegen 0.09/turn

%: no teleportation
@: on berserk cooldown, slowed, very slow
A: powered by pain 2
a: no special abilities


You were in the Dungeon.
You visited 1 branch

Inventory:

Hand Weapons
 a - a +0 war axe (weapon)
Armour
 b - a +0 scale mail (worn)
 c - a +0 buckler (worn)
Scrolls
 j - a scroll of blinking
Potions
 d - a potion of might
 e - a potion of curing
 f - a potion of heal wounds
 g - a potion of haste
 h - 2 potions of magic


   Skills:
 + Level 4.0 Fighting
 + Level 3.0 Axes
 + Level 3.6 Armour
 + Level 3.6 Shields
 + Level 3.3 Invocations


You had 2 spell levels left.
You didn't know any spells.
Your spell library was empty.

Dungeon Overview and Level Annotations

Branches:
Dungeon (1/1)

Altars:


Innate Abilities, Weirdness & Mutations

You sometimes gain power by taking damage.


Message History

Unknown command.
You barely miss the black bear. The gnoll barely misses you.
You slash the black bear!
The black bear is heavily wounded.
The black bear barely misses you. x2
The black bear claws you but does no damage.
The gnoll hits you but does no damage.
You barely miss the black bear.
The black bear is heavily wounded.
The black bear closely misses you. You block the black bear's attack.
The black bear claws you but does no damage.
You block the gnoll's attack.
Unknown command.
You closely miss the black bear.
The black bear is heavily wounded.
Your attacks no longer feel as feeble.
The black bear bites you!
* * * LOW HITPOINT WARNING * * *
The black bear claws you.
* * * LOW HITPOINT WARNING * * *
The black bear barely misses you.
The gnoll hits you from afar with a +0 spear.
* * * LOW HITPOINT WARNING * * *
You barely miss the black bear.
The black bear is heavily wounded.
The black bear barely misses you.
The black bear claws you but does no damage.
The black bear closely misses you.
You slash the black bear!
The black bear is severely wounded.
You are no longer berserk.
You are exhausted.
You feel yourself slow down. You block the gnoll's attack.
The black bear goes berserk!
You hit the black bear but do no damage.
The black bear is severely wounded.
You block the black bear's attack. The black bear barely misses you.
You block the black bear's attack.
The gnoll hits you from afar with a +0 spear.
You die...

▓+▓
▓.▓
▓.▓
▓f▓
▓J▓
▓g▓
▓h▓
▓@▓
▓.▓
▓.▓
▓.▓
▓.▓
▓)▓
▓.▓
▓.▓
▓.▓


You could see a black bear (berserk), a sleepcap, a jelly and a gnoll (swift).

Vanquished Creatures
  A gnoll bouda (D)
  An endoplasm (D)
  2 goblins (D)
  A ball python (D)
  A kobold (D)
6 creatures vanquished.

Notes
Turn   | Place    | Note
-------+----------+-------------------------------------------
     0 | D        | Groucho the Demonspawn Fighter began the quest for the Orb.
     0 | D        | Reached XP level 1. HP: 18/18 MP: 1/1
     9 | D        | Reached skill level 1 in Invocations
   128 | D        | Noticed a sleepcap
   128 | D        | Noticed a jelly
   128 | D        | Noticed a black bear
   128 | D        | Noticed a gnoll bouda
   135 | D        | Killed a gnoll bouda
   136 | D        | Reached skill level 4 in Fighting
   136 | D        | Gained mutation: You sometimes gain a little power by
                  | taking damage. [demonic ancestry]
   136 | D        | Reached XP level 2. HP: 13/25 MP: 2/4
   136 | D        | Gained mutation: You sometimes gain power by taking damage.
                  | [demonic ancestry]
   136 | D        | Reached XP level 3. HP: 16/30 MP: 2/5
   142 | D        | Slain by a gnoll

Illustrated notes

Levels and vault maps discovered:
D:        linesprint [early_d, line_temple, items_1, d_10, items_2, lair_1,
          lair_end, items_3, orc_1, orc_end, items_4, d_15, swamp_1, shoals_1,
          snake_1, spider_1, d_20, vaults_1, items_5, swamp_end, shoals_end,
          snake_end, spider_end, vaults_end, d_27, items_6, zot_1, zot_end,
          crypt_end, forest_end, elf_end, slime_end, tomb_end, abyss_end,
          pan_hell_end]

Skill      XL: |  1 |
---------------+----+-----
Axes           | 3 |  3.0
Invocations    | 3 |  3.3
Armour         | 3 |  3.6
Shields        | 3 |  3.6
Fighting       | 4 |  4.0

Action                     || total
---------------------------++-------
  Melee: War axe           ||    27
    Use: Potion            ||     1
 Armour: Scale mail        ||    13
  Dodge: Dodged            ||    12
  Block: Buckler           ||     8
